 Dungeon Sprint DCSS version 0.26.1-11-gd32895ea62 (webtiles) character file.

Game seed: 13133722392900690232

77963 Zeld the Hoplite (level 15, -13/156 HPs)
             Began as a Minotaur Berserker on June 14, 2021.
             Was a Priest of Trog.
             Mangled by a reaper
             ... wielding a +2 scythe of venom
             ... summoned by a lich
              (19 damage)
             ... while paralysed by a lich
             ... in the Dungeon (Sprint V: "Ziggurat Sprint").
             The game lasted 00:14:05 (6509 turns).

Zeld the Hoplite (Minotaur Berserker)               Turns: 6509, Time: 00:14:07

Health: -13/156    AC: 36    Str: 43    XL:     15   Next: 16%
Magic:  0/14       EV:  2    Int:  4    God:    Trog [***...]
Gold:   0          SH:  0    Dex: 12    Spells: 14/14 levels left

rFire    . . .     SeeInvis +   a - +14 obsidian axe {vorpal, +Fly SInv *Curse} (curse)
rCold    + . .     Faith    .   j - +3 tower shield
rNeg     . . .     Spirit   +   E - +12 plate armour of Gyvakho {rElec rF- Regen+ Slay-6}
rPois    .         Reflect  .   (helmet restricted)
rElec    +         Harm     .   (no cloak)
rCorr    .         Rampage  .   k - +0 pair of gloves {Str+3}
Will     +....     NoTele   +   s - +1 pair of boots {run}
Stlth    ..........             C - amulet "Moteigg" {Spirit rF+ rC+ Dex+2}
HPRegen  0.76/turn              x - +6 ring of strength
MPRegen  0.14/turn              y - +6 ring of strength

@: paralysed, lethally poisoned (-13 -> -16), mesmerised, very slightly
contaminated, invisible, quick
A: retaliatory headbutt, horns 2
a: Renounce Religion, Evoke Flight, Berserk, Trog's Hand


You were in the Dungeon.
You worshipped Trog.
Trog was most pleased with you.
You visited 1 branch

Inventory:

Hand Weapons
 a - the cursed +14 obsidian axe (weapon) {vorpal, +Fly SInv *Curse}
   (You found it in the Dungeon)

   It inflicts extra damage upon your enemies.
   It lets you see invisible.
   It lets you fly.
   It curses itself when equipped.
   It has a curse placed upon it.
Armour
 j - a +3 tower shield (worn)
 k - a +0 pair of gloves of strength (worn)
 s - a +1 pair of boots of running (worn)
 E - the +12 plate armour of Gyvakho (worn) {rElec rF- Regen+ Slay-6}
   (You found it in the Dungeon)

   It affects your accuracy and damage with ranged weapons and melee attacks
   (-6).
   It makes you vulnerable to fire.
   It insulates you from electricity.
   It increases your rate of regeneration.
Jewellery
 x - a +6 ring of strength (left hand)
 y - a +6 ring of strength (right hand)
 C - the amulet "Moteigg" (around neck) {Spirit rF+ rC+ Dex+2}
   (You found it in the Dungeon)

   [amulet of guardian spirit]

   It causes incoming damage to be split between your health and magic.
   It affects your dexterity (+2).
   It protects you from fire.
   It protects you from cold.
Wands
 u - a wand of disintegration (7)
 v - a wand of iceblast (7)
 w - a wand of acid (7)
Scrolls
 b - 10 scrolls of brand weapon
 h - a scroll of blinking
 l - 8 scrolls of fog
 m - 2 scrolls of holy word
 n - 5 scrolls of identify
 o - 4 scrolls of remove curse
 p - 2 scrolls of fear
Potions
 c - 9 potions of curing
 d - 4 potions of heal wounds
 e - 14 potions of haste
 f - 7 potions of magic
 g - 3 potions of berserk rage
 r - 4 potions of resistance
 t - 5 potions of might
Miscellaneous
 i - a phial of floods
 z - a condenser vane
 A - a lightning rod (4/4)
 B - a box of beasts
 D - a phantom mirror


   Skills:
 * Level 20.4 Fighting
 - Level 20.0 Axes
 * Level 20.3 Armour
 * Level 18.9 Dodging
 - Level 25.0 Shields
 * Level 7.7 Evocations


You had 14 spell levels left.
You didn't know any spells.
Your spell library was empty.

Dungeon Overview and Level Annotations

Branches:
Dungeon (1/1)

Altars:
Ashenzari
Cheibriados
Dithmenos
Elyvilon
Fedhas
Gozag
Hepliaklqana
Kikubaaqudgha
Makhleb
Nemelex Xobeh
Okawaru
Qazlal
Ru
Sif Muna
Trog
Uskayaw
Vehumet
Wu Jian
Xom
Yredelemnul
Zin
The Shining One
Beogh
Jiyva
Lugonu


Innate Abilities, Weirdness & Mutations

You reflexively headbutt those who attack you in melee.
You have a pair of horns on your head.


Message History

The hellion completely resists.
The lich touches you but does no damage.
The vault guard hits you but does no damage.
The stone giant throws a large rock.
The large rock hits the ancient lich!!
The shadow dragon bites you but does no damage.
The shadow dragon claws you but does no damage.
The shadow dragon barely misses you.
Visions of slaying the lich flood into your mind.
You feel sick.
The frilled lizard hisses angrily.
The lich touches you but does no damage.
The vault guard hits you but does no damage.
The yaktaur shoots a bolt.
The bolt hits the vault guard!!
The bolt freezes the vault guard.
The vault guard hits you from afar with a +0 bardiche.
* * * LOW HITPOINT WARNING * * *
The yaktaur shoots a bolt.
The bolt hits the vault guard.
The vault guard hits you but does no damage.
The reaper hits you from afar with a +2 scythe of venom!!
You die...

▓......
...}}.}|):.}):.
▓▓▓▓▓▓▓
...[}}:[)}[.[[.
▓......
...:=[=|?[.|=)..
▓..).:}
.........cCc....
▓..=).)
......2pcClB....
▓......
...ccDppLDC.....
▓......
.....pLLD2c.....
▓......
.....pp@Lp......
▓......
......pppp......
▓......
.......p2.......
▓......
................
▓......
...▓.(....(..▓..
▓...▓.. ..
▓▓.......▓▓
▓..▓▓▓.
...▓.........▓..
▓...▓..
...............
▓......
.......©.......
▓......


You could see 3 shadow dragons, an ancient lich (invisible), 3 stone giants, 3
liches, 2 yaktaur captains, a reaper (summoned), 12 vault guards, a shadow demon
(summoned), 4 yaktaurs, a hellion (summoned), a giant cockroach (summoned,
wandering) and a frilled lizard (summoned, wandering).

Vanquished Creatures
  2 liches (D)
  A deep elf blademaster (D)
  A titan (D)
  2 acid blobs (D)
  4 storm dragons (D)
  2 azure jellies (D)
  A fire giant (D)
  A deep elf sorcerer (D)
  2 stone giants (D)
  2 reapers (D)
  A deep elf annihilator (D)
  A death ooze (D)
  A yaktaur captain (D)
  A deep elf high priest (D)
  An ice dragon (D)
  A naga warrior (D)
  2 spriggan air magi (D)
  A vault guard (D)
  A centaur warrior (D)
  An anaconda (D)
  A two-headed ogre (D)
  An anaconda (shapeshifter) (D)
  3 hell hogs (D)
  A death drake (D)
  A fire crab (shapeshifter) (D)
  2 deep trolls (shapeshifter) (D)
  A flayed ghost (D)
  A deep elf archer (D)
  An ugly thing (D)
  7 cyclopes (D)
  4 deep elf magi (D)
  2 shining eyes (D)
  5 toenail golems (D)
  An eye of devastation (D)
  4 hellions (D)
  A rime drake (D)
  3 tormentors (D)
  A hellwing (D)
  An ice devil (D)
  2 trolls (D)
  2 red devils (D)
  2 wind drakes (D)
  4 merfolk (D)
  6 slime creatures (D)
  A raiju (shapeshifter) (D)
  4 flying skulls (D)
  A shadow (D)
  2 starcursed masses (D)
  A water elemental (D)
  6 air elementals (D)
  A wyvern (D)
  2 fire elementals (D)
  2 steam dragons (D)
  A golden eye (shapeshifter) (D)
  A neqoxec (D)
  3 acid dragons (D)
  6 hell hounds (D)
  A swamp drake (D)
  An eye of draining (shapeshifter) (D)
  2 eyes of draining (D)
  3 ogres (D)
  4 centaurs (D)
  3 crimson imps (D)
  2 quasits (D)
  2 jellies (D)
  An iron imp (D)
  2 adders (D)
  A shadow imp (D)
  5 white imps (D)
  An ufetubus (D)
  2 oozes (D)
  5 adder zombies (D)
  4 adder skeletons (D)
  3 ball pythons (D)
  A bat skeleton (D)
  A bat zombie (D)
  2 quokka skeletons (D)
  A quokka zombie (D)
164 creatures vanquished.

Vanquished Creatures (collateral kills)
  A deep elf blademaster (D)
  An acid blob (D)
  2 deep elf master archers (D)
  A shadow dragon (D)
  2 azure jellies (D)
  2 storm dragons (D)
  2 nagarajas (D)
  2 stone giants (D)
  A reaper (D)
  A deep elf annihilator (D)
  A death ooze (D)
  A great orb of eyes (D)
  A naga warrior (D)
  2 hydras (D)
  A dancing weapon (D)
  A hell knight (D)
  A flayed ghost (D)
  A shining eye (D)
  6 cyclopes (D)
  A starcursed mass (D)
  A naga mage (D)
  2 black mambas (D)
  2 eyes of devastation (D)
  2 hellions (D)
  2 yaktaurs (D)
  2 tormentors (D)
  A troll (D)
  4 wind drakes (D)
  A merfolk (D)
  2 slime creatures (D)
  An air elemental (D)
  2 water moccasins (D)
  An eye of draining (D)
  An ogre (D)
  A jelly (D)
  A mummy (D)
  2 adders (D)
  A shadow imp (D)
  2 adder skeletons (D)
  An adder zombie (D)
  A ball python (D)
  A bat skeleton (D)
  A ball python zombie (D)
66 creatures vanquished.

Vanquished Creatures (others)
  A lich (D)
  A merfolk javelineer (D)
  A vault guard (D)
  An ice dragon (D)
  2 spriggan air magi (D)
  A dancing weapon (D)
  A yaktaur (D)
  A wind drake (D)
  A centaur (D)
  5 bat zombies (D)
  A jackal zombie (D)
16 creatures vanquished.

Grand Total: 246 creatures vanquished

Notes
Turn   | Place    | Note
-------+----------+-------------------------------------------
     0 | D        | Zeld the Minotaur Berserker began the quest for the Orb.
     0 | D        | Reached XP level 1. HP: 19/19 MP: 0/0
     3 | D        | Found a blossoming altar of Fedhas.
     4 | D        | Found the +6 Majin-Bo {vamp, MP+6 Int+6}
     4 | D        | Found the +9 heavy crossbow "Sniper" {vorpal, Acc+∞ SInv}
     4 | D        | Found the +10 dark maul {vorpal}
     4 | D        | Found the +15 Maxwell's patent armour {-Cast -Tele rElec
                  | Will+ rCorr}
     4 | D        | Found the +18 shield of the Gong {rElec rN+ Will+ EV-5}
     4 | D        | Found the cursed +14 obsidian axe {vorpal, +Fly SInv
                  | *Curse}
     4 | D        | Found the +7 great mace "Firestarter" {inner flame, rF++}
     4 | D        | Found the +6 shillelagh "Devastator" {shatter}
     4 | D        | Found the +11 plutonium sword {*Contam Stlth-}
     4 | D        | Found the +8 lance "Wyrmbane" {slay drac, rPois rF+ rC+
                  | AC+3}
     4 | D        | Found the +9 sword of Zonguldrok {reap}
     4 | D        | Found the cursed +13 scythe of Curses {drain, *Curse}
     4 | D        | Found the +5 sword of Power {vorpal}
     4 | D        | Found the +7 mace of Variability {chain chaos}
     4 | D        | Found the +7 Singing Sword {vorpal, sonic wave}
     4 | D        | Found the +8 storm bow {elec, penet}
     5 | D        | Found a viscous altar of Jiyva.
     5 | D        | Found a hazy altar of Hepliaklqana.
     5 | D        | Found a transporter.
     5 | D        | Found an opulent altar of Gozag.
     5 | D        | Found an ancient bone altar of Kikubaaqudgha.
     5 | D        | Found a corrupted altar of Lugonu.
    17 | D        | Found a burning altar of Makhleb.
    18 | D        | Found a sacrificial altar of Ru.
    18 | D        | Found a shimmering blue altar of Sif Muna.
    18 | D        | Found a stormy altar of Qazlal.
    18 | D        | Found a bloodstained altar of Trog.
    18 | D        | Found an iron altar of Okawaru.
    18 | D        | Found a sparkling altar of Nemelex Xobeh.
   220 | D        | Entered arena 2.
   220 | D        | Noticed a hellwing
   220 | D        | Found a transporter.
   224 | D        | Reached skill level 2 in Shields
   224 | D        | Killed a hellwing
   225 | D        | Reached skill level 10 in Axes
   225 | D        | Reached skill level 10 in Shields
   225 | D        | Reached XP level 2. HP: 26/26 MP: 1/1
   225 | D        | Reached XP level 3. HP: 31/31 MP: 2/2
   225 | D        | Reached XP level 4. HP: 39/39 MP: 3/3
   225 | D        | Reached XP level 5. HP: 45/45 MP: 4/4
   400 | D        | Entered arena 3.
   400 | D        | Noticed a hell hound
   400 | D        | Found a transporter.
   403 | D        | Reached ** piety under Trog
   404 | D        | Reached XP level 6. HP: 35/51 MP: 5/5
   404 | D        | Killed a hell hound
   405 | D        | Reached skill level 11 in Shields
   624 | D        | Entered arena 4.
   624 | D        | Found a transporter.
   626 | D        | Reached *** piety under Trog
   626 | D        | Noticed an orange demon
   794 | D        | Got the +7 battleaxe "Imeh" {pain, rF+ Str+4}
   899 | D        | Entered arena 5.
   899 | D        | Noticed a hell hound
   899 | D        | Found a transporter.
   903 | D        | Killed a hell hound
   903 | D        | Reached **** piety under Trog
   904 | D        | Reached skill level 12 in Shields
   904 | D        | Reached XP level 7. HP: 49/57 MP: 6/6
   955 | D        | Entered arena 6.
   955 | D        | Noticed a toenail golem
   955 | D        | Noticed a toenail golem
   955 | D        | Noticed a toenail golem
   955 | D        | Noticed a toenail golem
   955 | D        | Noticed a toenail golem
   955 | D        | Found a transporter.
   960 | D        | Killed a toenail golem
   961 | D        | Reached skill level 13 in Shields
   961 | D        | Killed a toenail golem
   962 | D        | Reached skill level 14 in Shields
   962 | D        | Reached XP level 8. HP: 64/64 MP: 7/7
   962 | D        | Killed a toenail golem
   962 | D        | Reached ***** piety under Trog
   963 | D        | Reached skill level 15 in Axes
   963 | D        | Reached skill level 15 in Shields
   963 | D        | Killed a toenail golem
   964 | D        | Killed a toenail golem
   965 | D        | Reached skill level 16 in Shields
   965 | D        | Reached XP level 9. HP: 70/70 MP: 8/8
  1017 | D        | Entered arena 7.
  1017 | D        | Noticed a troll
  1017 | D        | Noticed a troll
  1017 | D        | Noticed a two-headed ogre
  1018 | D        | Found a transporter.
  1020 | D        | Killed a troll
  1021 | D        | Killed a troll
  1022 | D        | Reached skill level 17 in Shields
  1025 | D        | Killed a two-headed ogre
  1033 | D        | Got the amulet "Moteigg" {Spirit rF+ rC+ Dex+2}
  1316 | D        | Entered arena 8.
  1316 | D        | Noticed a shining eye
  1317 | D        | Found the +12 glaive of Prune {vorpal}
  1317 | D        | Found a transporter.
  1320 | D        | Reached ****** piety under Trog
  1320 | D        | Received a gift from Trog
  1323 | D        | Killed a shining eye
  1324 | D        | Reached skill level 18 in Shields
  1324 | D        | Reached XP level 10. HP: 68/77 MP: 3/9
  1607 | D        | Entered arena 9.
  1607 | D        | Noticed a cyclops
  1608 | D        | Found a transporter.
  1619 | D        | Received a gift from Trog
  1620 | D        | Reached skill level 19 in Shields
  1621 | D        | Killed a cyclops
  1771 | D        | Entered arena 10.
  1772 | D        | Found a transporter.
  1775 | D        | Received a gift from Trog
  1939 | D        | Entered arena 11.
  1939 | D        | Noticed a starcursed mass
  1940 | D        | Found a transporter.
  1945 | D        | Received a gift from Trog
  1949 | D        | Killed a starcursed mass
  1953 | D        | Killed a starcursed mass
  1953 | D        | Killed a starcursed mass
  1953 | D        | Received a gift from Trog
  1954 | D        | Reached skill level 20 in Shields
  2136 | D        | Entered arena 12.
  2136 | D        | Noticed a green ugly thing
  2136 | D        | Noticed a cyclops
  2136 | D        | Noticed a sea snake
  2136 | D        | Noticed a shining eye
  2136 | D        | a sea snake changed into a shining eye
  2137 | D        | Noticed a faun
  2137 | D        | Noticed a shining eye
  2137 | D        | Noticed a fire crab
  2137 | D        | a cyclops changed into a wind drake
  2137 | D        | Noticed a deep troll
  2137 | D        | a shining eye changed into a deep troll
  2138 | D        | Found a transporter.
  2142 | D        | Noticed a mana viper
  2142 | D        | a faun changed into a mana viper
  2142 | D        | Noticed a shock serpent
  2142 | D        | a deep troll changed into a shock serpent
  2143 | D        | Killed a green ugly thing
  2143 | D        | Noticed a shining eye
  2143 | D        | a merfolk changed into a shining eye
  2145 | D        | Killed a fire crab
  2145 | D        | a mana viper changed into a swamp worm
  2146 | D        | Reached skill level 21 in Shields
  2146 | D        | a shining eye changed into a dream sheep
  2146 | D        | Noticed an eye of devastation
  2146 | D        | a shock serpent changed into an eye of devastation
  2147 | D        | Noticed a shock serpent
  2147 | D        | an eye of devastation changed into a shock serpent
  2148 | D        | Reached XP level 11. HP: 46/82 MP: 5/10
  2149 | D        | Noticed a deep troll
  2149 | D        | a swamp worm changed into a deep troll
  2149 | D        | Noticed a lindwurm
  2149 | D        | a dream sheep changed into a lindwurm
  2149 | D        | Noticed an anaconda
  2149 | D        | a shock serpent changed into an anaconda
  2151 | D        | Killed a deep troll
  2152 | D        | Killed an anaconda
  2152 | D        | Received a gift from Trog
  2152 | D        | Killed a shining eye
  2152 | D        | Noticed a deep troll
  2152 | D        | a lindwurm changed into a deep troll
  2153 | D        | Reached skill level 22 in Shields
  2154 | D        | Killed a deep troll
  2337 | D        | Got a jewelled war axe {god gift}
  2338 | D        | Identified the +4 war axe of Pandemonium {vorpal, rElec
                  | Stlth+} (Trog gifted it to you in the Dungeon)
  2621 | D        | Entered arena 13.
  2630 | D        | Reached skill level 23 in Shields
  2630 | D        | Received a gift from Trog
  2631 | D        | Found a transporter.
  2704 | D        | Reached XP level 12. HP: 90/90 MP: 11/11
  2946 | D        | Identified a +1 pair of boots of running (You found it in
                  | the Dungeon)
  2947 | D        | Entered arena 14.
  2951 | D        | Noticed a fire giant
  2952 | D        | Noticed a stone giant
  2952 | D        | Noticed a stone giant
  2953 | D        | Found a transporter.
  2956 | D        | Killed a fire giant
  2957 | D        | Reached skill level 24 in Shields
  2959 | D        | Killed a stone giant
  2959 | D        | Received a gift from Trog
  2960 | D        | Found the +8 mithril axe "Arga" {speed, Will+}
  2964 | D        | Killed a stone giant
  2965 | D        | Reached skill level 25 in Shields
  2966 | D        | Reached skill level 5 in Fighting
  2967 | D        | Reached skill level 5 in Armour
  2969 | D        | Reached skill level 5 in Dodging
  3279 | D        | Entered arena 15.
  3283 | D        | Noticed a six-headed hydra
  3283 | D        | Noticed a four-headed hydra
  3284 | D        | Noticed an ice dragon
  3284 | D        | Noticed an ice dragon
  3285 | D        | Found a transporter.
  3289 | D        | Killed a ten-headed hydra
  3289 | D        | Killed a six-headed hydra
  3290 | D        | Received a gift from Trog
  3295 | D        | Killed an ice dragon
  3296 | D        | Reached XP level 13. HP: 48/108 MP: 5/12
  3300 | D        | Received a gift from Trog
  3814 | D        | Got the +12 plate armour of Gyvakho {rElec rF- Regen+
                  | Slay-6}
  3947 | D        | Entered arena 16.
  3953 | D        | Identified the cursed +3 hand axe "Dirghu Fotuse" {freeze,
                  | rC- Int+4 Dex+7}
  3953 | D        | Noticed a nagaraja
  3953 | D        | Noticed a nagaraja
  3954 | D        | Found a transporter.
  3960 | D        | Reached skill level 10 in Fighting
  3961 | D        | Killed a nagaraja
  3962 | D        | Reached skill level 10 in Armour
  3962 | D        | Received a gift from Trog
  3966 | D        | Killed a nagaraja
  3967 | D        | Reached skill level 10 in Dodging
  3973 | D        | Received a gift from Trog
  4189 | D        | Entered arena 17.
  4197 | D        | Noticed a reaper
  4198 | D        | Found the +4 Cigotuvi's embrace {rMiasma *Drain rN+}
  4198 | D        | Found a transporter.
  4199 | D        | Found the macabre finger necklace {rN+}
  4208 | D        | Killed a reaper
  4685 | D        | Entered arena 18.
  4691 | D        | Noticed a deep elf annihilator
  4691 | D        | Noticed a deep elf blademaster
  4691 | D        | Noticed a deep elf annihilator
  4692 | D        | Noticed a deep elf blademaster
  4692 | D        | Noticed a deep elf sorcerer
  4693 | D        | Found a transporter.
  4706 | D        | Killed a deep elf sorcerer
  4706 | D        | Received a gift from Trog
  4707 | D        | Killed a deep elf blademaster
  4711 | D        | Killed a deep elf blademaster
  4714 | D        | Killed a deep elf annihilator
  4717 | D        | Received a gift from Trog
  4724 | D        | Killed a deep elf annihilator
  4725 | D        | Received a gift from Trog
  4933 | D        | Got the ring "Waniv" {Ice rN+ Str-2 Int+9 Dex+2}
  5224 | D        | Entered arena 19.
  5231 | D        | Noticed a stone giant
  5231 | D        | Noticed a stone giant
  5231 | D        | Noticed a merfolk javelineer
  5232 | D        | Found the +7 pair of quick blades "Gyre" and "Gimble"
                  | {protect}
  5232 | D        | Identified the cursed +1 fustibalus "Yghyorue" {vorpal,
                  | *Contam +Inv rPois Dex+7}
  5232 | D        | Noticed a deep elf master archer
  5234 | D        | Noticed a deep elf master archer
  5234 | D        | Found a transporter.
  5238 | D        | Killed a deep elf master archer
  5239 | D        | Reached skill level 15 in Fighting
  5239 | D        | Killed a deep elf master archer
  5240 | D        | Reached skill level 15 in Armour
  5241 | D        | Received a gift from Trog
  5244 | D        | Killed a stone giant
  5245 | D        | Reached XP level 14. HP: 50/135 MP: 5/13
  5251 | D        | Killed a stone giant
  5251 | D        | Received a gift from Trog
  5512 | D        | Entered arena 20.
  5521 | D        | Noticed a titan
  5521 | D        | Noticed a storm dragon
  5521 | D        | Noticed a storm dragon
  5521 | D        | Noticed a storm dragon
  5521 | D        | Noticed a storm dragon
  5522 | D        | Found the ring of the Hare {EV+8}
  5522 | D        | Found a transporter.
  5522 | D        | Noticed a storm dragon
  5522 | D        | Identified the +3 scimitar of Ceublymi {vamp, rElec rN+}
  5522 | D        | Noticed a storm dragon
  5527 | D        | Killed a storm dragon
  5528 | D        | Reached skill level 15 in Dodging
  5528 | D        | Killed a storm dragon
  5539 | D        | Killed a storm dragon
  5541 | D        | Killed a titan
  5542 | D        | Killed a storm dragon
  5543 | D        | Killed a storm dragon
  5544 | D        | Received a gift from Trog
  5547 | D        | Killed a storm dragon
  5762 | D        | Entered arena 21.
  5771 | D        | Noticed a reaper
  5772 | D        | Noticed a lich
  5772 | D        | Noticed a reaper
  5775 | D        | Found a transporter.
  5781 | D        | Killed a reaper
  5782 | D        | Received a gift from Trog
  5787 | D        | Killed a lich
  5790 | D        | Received a gift from Trog
  5791 | D        | Killed a reaper
  5884 | D        | Got the ring "Boroimn" {rN+ Int+2 SInv}
  6155 | D        | Entered arena 22.
  6164 | D        | Noticed an azure jelly
  6165 | D        | Noticed an azure jelly
  6165 | D        | Noticed an acid blob
  6165 | D        | Noticed an azure jelly
  6166 | D        | Noticed an azure jelly
  6166 | D        | Noticed an acid blob
  6166 | D        | Noticed an acid blob
  6168 | D        | Killed an azure jelly
  6169 | D        | Reached skill level 1 in Evocations
  6174 | D        | Killed an azure jelly
  6177 | D        | Killed an azure jelly
  6178 | D        | Killed an azure jelly
  6180 | D        | Killed an acid blob
  6181 | D        | Reached skill level 5 in Evocations
  6181 | D        | Killed an acid blob
  6181 | D        | Received a gift from Trog
  6185 | D        | Killed an acid blob
  6186 | D        | Reached XP level 15. HP: 155/155 MP: 0/14
  6194 | D        | Received a gift from Trog
  6196 | D        | Found a transporter.
  6476 | D        | Entered arena 23.
  6490 | D        | Noticed a shadow dragon
  6490 | D        | Noticed a lich
  6490 | D        | Noticed an ancient lich
  6490 | D        | Noticed a lich
  6490 | D        | Noticed a shadow dragon
  6490 | D        | Noticed a lich
  6491 | D        | Found the +0 pair of fencer's gloves {Riposte Dex+3}
  6491 | D        | Noticed a lich
  6491 | D        | Noticed a shadow dragon
  6492 | D        | Noticed a lich
  6492 | D        | Identified the ring of Mokeymae {rF+ MP+9 Str+4 Int+2
                  | Dex-2}
  6493 | D        | Identified the +7 chain mail "Rurizim" {rF- rN++}
  6494 | D        | Identified the +6 war axe "Zool" {flame, rElec}
  6494 | D        | Noticed a shadow dragon
  6498 | D        | Killed a lich
  6498 | D        | Killed a shadow dragon
  6504 | D        | Paralysed by a lich for 6 turns
  6505 | D        | Killed a lich
  6509 | D        | HP: 6/156 [vault guard/+0 bardiche (6)]
  6509 | D        | Mangled by a reaper

Illustrated notes

Levels and vault maps discovered:
D:        sprint_v [room_start, room_1, room_2, room_3, room_4, room_5, room_6,
          room_7, room_8, room_9, room_10, room_11, room_12, room_13, room_14,
          room_15, room_16, room_17, room_18, room_19, room_20, room_21,
          room_22, room_23, room_24, room_25, room_26, room_27]

Skill      XL: |  1  2  3  4  5  6  7  8  9 10 11 12 13 14 15 |
---------------+----------------------------------------------+-----
Axes           | 10 11 12 14 16 18 20 | 20.0
Shields        | 10 12 14 16 18 21 23 25 | 25.0
Fighting       | 8 15 19 20 | 20.4
Armour         | 8 15 19 20 | 20.3
Dodging        | 7 14 18 | 18.9
Evocations     | 6 7 |  7.7

Action                   |  1- 3 |  4- 6 |  7- 9 | 10-12 | 13-15 || total
-------------------------+-------+-------+-------+-------+-------++-------
Melee: Broad axe         |     2 |    11 |    20 |    71 |   136 ||   240
       Headbutt          |       |     3 |     2 |    19 |    25 ||    49
Invok: Berserk           |     1 |       |     1 |     4 |     4 ||    10
       Brothers in Arms  |       |       |       |     7 |    33 ||    40
       Trog's Hand       |       |       |       |       |     1 ||     1
Evoke: Phantom mirror    |       |       |       |       |     1 ||     1
  Use: Scroll            |       |     1 |       |       |     3 ||     4
       Potion            |       |       |       |     5 |     5 ||    10
 Stab: Distracted        |       |       |     1 |     3 |     6 ||    10
       Invisible         |       |       |       |       |     5 ||     5
Armor: Crystal plate arm |     5 |     4 |     4 |    30 |     1 ||    44
       Plate armour      |       |       |       |       |    89 ||    89
Dodge: Dodged            |       |     1 |       |     6 |    51 ||    58
Block: Tower shield      |     6 |    12 |    13 |    82 |   192 ||   305
